 Dungeon Crawl Stone Soup version 0.30-a0-170-g85af917532 (webtiles) character file.

Game seed: 17918361461054700974

523 qw the Chopper (level 7, -4/43 HPs)
             Began as a Gargoyle Fighter on Sept 30, 2022.
             Was an Initiate of Okawaru.
             Slain by a gnoll
             ... wielding a +0 halberd
             ... led by a gnoll bouda
              (7 damage)
             ... on level 5 of the Dungeon.
             The game lasted 00:01:37 (5821 turns).

qw the Chopper (Gargoyle Fighter)                   Turns: 5821, Time: 00:01:37

Health: -4/43      AC: 11    Str: 21    XL:     7   Next: 22%
Magic:  7/7        EV:  9    Int:  9    God:    Okawaru [......]
Gold:   77         SH:  4    Dex:  9    Spells: 6/6 levels left

rFire   . . .      SeeInvis .    Y - +0 war axe (vorpal)
rCold   . . .      Faith    .    c - +0 buckler
rNeg    + . .      Spirit   .    b - +0 scale mail
rPois   inf        Reflect  .    (no helmet)
rElec   +          Harm     .    (no cloak)
rCorr   .          Rampage  .    (no gloves)
Will    .....                    (no boots)
Stlth   ..........               (no amulet)
HPRegen 0.14/turn                (no ring)
MPRegen 0.10/turn                (no ring)

@: about to teleport, weakened
A: sickness immunity, AC +4, negative energy resistance 1, electricity
resistance, torment resistance 1, petrification resistance
a: Renounce Religion


You were on level 5 of the Dungeon.
You worshipped Okawaru.
Okawaru was noncommittal.
You visited 2 branches of the dungeon, and saw 6 of its levels.

You collected 167 gold pieces.
You spent 90 gold pieces at shops.


Innate Abilities, Weirdness & Mutations

You are immune to sickness and miasma.
Your stone body is resilient. (AC +4)
You are immune to poison.
You resist negative energy. (rN+)
You are resistant to electric shocks. (rElec)
You are resistant to unholy torment.
You are immune to petrification.


   Skills:
 - Level 4.1 Fighting
 + Level 5.9 Axes
 - Level 2.1 Throwing
 - Level 3.2 Armour
 - Level 1.1 Dodging
 - Level 3.2 Shields


You had 6 spell levels left.
You didn't know any spells.
Your spell library was empty.

Inventory:

Hand Weapons
 l - a +0 morningstar
 Y - a +0 vorpal war axe (weapon)
Missiles
 p - 2 javelins (quivered)
Armour
 b - a +0 scale mail (worn)
 c - a +0 buckler (worn)
Jewellery
 a - a ring of fire
Scrolls
 k - a scroll of identify
 n - 2 scrolls of teleportation
Potions
 d - 2 potions of might
 e - a potion of attraction
 f - 3 potions of lignification
 g - a potion of ambrosia {unknown}
 h - a potion of degeneration {unknown}
 i - a potion of resistance
 j - a potion of heal wounds {unknown}

Dungeon Overview and Level Annotations

Branches:
Dungeon (5/15)             Temple (1/1) D:4

Altars:
Ashenzari
Cheibriados
Elyvilon
Hepliaklqana
Makhleb
Okawaru
Qazlal
Ru
Sif Muna
Uskayaw
Vehumet
Wu Jian
Xom
The Shining One

Shops:
D:2 ?   D:3 (

Annotations:
D:5 Edmund


Message History

The gnoll hits you but does no damage. The gnoll bouda barely misses you.
A gnoll comes into view. It is wielding a +0 flail.
Things that are here:
a +0 club; a gnoll corpse You hit the gnoll bouda.
The gnoll bouda is moderately wounded.
You hit the gnoll. The gnoll closely misses you.
The gnoll bouda hits you with a +0 club.
Edmund the Younger comes into view.
He is wielding a +2 flail of protection and wearing a +2 scale mail of fire resistance.
The gnoll hits you but does no damage. The gnoll hits you with a +0 halberd.
You slash the gnoll bouda!
The gnoll bouda is severely wounded.
You closely miss the gnoll. The gnoll bouda barely misses you.
The gnoll hits you from afar with a +0 halberd!
The gnoll hits you with a +0 halberd!
The gnoll bouda hits you but does no damage.
You hit the gnoll bouda but do no damage.
The gnoll bouda is severely wounded.
You closely miss the gnoll.
The gnoll hits you from afar with a +0 halberd!
The gnoll closely misses you.
The gnoll bouda gazes fiercely through you!
You feel your attacks grow feeble.
The gnoll bouda hits you but does no damage.
The gnoll misses you.
5820 ||| READING 3 scrolls of teleportation.
As you read the scroll of teleportation, it crumbles to dust.
You feel strangely unstable. The gnoll hits you but does no damage.
The gnoll bouda calls upon its god to heal the gnoll.
The gnoll's wounds heal themselves!
The gnoll closely misses you.
You barely miss the gnoll bouda.
The gnoll bouda is severely wounded.
You closely miss the gnoll. The gnoll completely misses you.
The gnoll bouda hits you but does no damage.
The gnoll hits you from afar with a +0 halberd!
You die...

#...#....# #.
####...#....# # #.
#..##..#....# #.#.
##..##..#.... .#.
#....##....#
gg##....##....#
#g#......#....+
#g#...#..#....#
#g@...#....######
##....#.#.......#..
#...)#.#.#<.......
##############....
.


You could see a gnoll bouda and 4 gnolls.

Vanquished Creatures
  A black bear (D:4)
  A phantom (D:5)
  A necrophage (D:3)
  2 hounds (D:4)
  2 orc wizards
  5 gnolls
  3 adders
  An ufetubus (D:4)
  A worm (D:3)
  4 dart slugs
  10 orcs
  3 endoplasms
  2 giant cockroaches (D:2)
  4 goblins
  5 hobgoblins
  2 jackals (D:2)
  3 quokkas
  10 ball pythons
  13 bats
  6 frilled lizards
  15 kobolds
  8 rats
102 creatures vanquished.

Vanquished Creatures (others)
  14 plants (D:1)
14 creatures vanquished.

Grand Total: 116 creatures vanquished

Notes
Turn   | Place    | Note
-------+----------+-------------------------------------------
     0 | D:1      | qw the Gargoyle Fighter began the quest for the Orb.
     0 | D:1      | Reached XP level 1. HP: 14/14 MP: 1/1
     0 | D:1      | 0 ||| qw: Version: 0.2-a-13-gfc7b4b4
     0 | D:1      | 0 ||| qw: Game counter: 1689
     0 | D:1      | 0 ||| qw: Always use a shield: true
     0 | D:1      | 0 ||| qw: God list: Okawaru
     0 | D:1      | 0 ||| qw: Allow faded altars: false
     0 | D:1      | 0 ||| qw: Do Orc after D:15 true
     0 | D:1      | 0 ||| qw: Do second Lair branch before Depths: true
     0 | D:1      | 0 ||| qw: Lair rune preference: random
     0 | D:1      | 0 ||| qw: Plans: Normal, Zot:1-4, God:TSO, Crypt, Tomb,
                  | Pan, Slime:5, Hells, Abyss, Orb
     0 | D:1      | 0 ||| PLANNING D:1-11
    17 | D:1      | 17 ||| Stepping ~*~*~tactically~*~*~ (stealth).
    20 | D:1      | 20 ||| Stepping ~*~*~tactically~*~*~ (stealth).
    24 | D:1      | Reached skill level 2 in Axes
    82 | D:1      | 82 ||| Stepping ~*~*~tactically~*~*~ (hiding).
    87 | D:1      | Reached XP level 2. HP: 19/19 MP: 2/2
   402 | D:1      | 402 ||| Stepping ~*~*~tactically~*~*~ (stealth).
   413 | D:1      | Reached skill level 3 in Axes
   446 | D:1      | 446 ||| DROPPING +0 club.
   682 | D:1      | 682 ||| Stepping ~*~*~tactically~*~*~ (stealth).
   690 | D:1      | Reached XP level 3. HP: 21/23 MP: 3/3
   814 | D:1      | 814 ||| Stepping ~*~*~tactically~*~*~ (stealth).
   816 | D:1      | 816 ||| Stepping ~*~*~tactically~*~*~ (stealth).
  1174 | D:1      | 1174 ||| DROPPING +0 whip.
  1190 | D:1      | 1190 ||| READING scroll labelled TORUMN AMYO.
  1190 | D:1      | Identified a scroll of acquirement
  1190 | D:1      | 1190 ||| ACQUIRING ring of fire
  1190 | D:1      | Acquired a ring of fire
  1192 | D:1      | 1192 ||| READING scroll labelled NUR NOVYCETE.
  1193 | D:1      | 1193 ||| READING scroll labelled BOICOE REALOR.
  1537 | D:2      | Found a faded altar of an unknown god.
  1799 | D:2      | Reached XP level 4. HP: 19/28 MP: 4/4
  2000 | D:2      | Found Iski Yru's Magic Scroll Shoppe.
  2004 | D:2      | 2004 ||| Stepping ~*~*~tactically~*~*~ (stealth).
  2028 | D:2      | 2028 ||| BUYING scroll of teleportation (30 gold).
  2028 | D:2      | Bought a scroll of teleportation for 30 gold pieces
  2028 | D:2      | 2028 ||| BUYING scroll of teleportation (30 gold).
  2028 | D:2      | Bought a scroll of teleportation for 30 gold pieces
  2028 | D:2      | 2028 ||| BUYING scroll of teleportation (30 gold).
  2028 | D:2      | Bought a scroll of teleportation for 30 gold pieces
  2337 | D:2      | 2337 ||| DROPPING amulet of faith.
  2338 | D:2      | 2338 ||| READING scroll labelled ZUUMNAUXZA.
  2439 | D:2      | 2439 ||| READING scroll labelled XIEJIA UNUYWU.
  2552 | D:3      | 2552 ||| Stepping ~*~*~tactically~*~*~ (stealth).
  2553 | D:3      | Noticed a necrophage
  2558 | D:3      | Killed a necrophage
  2559 | D:3      | Reached skill level 4 in Axes
  2559 | D:3      | Reached XP level 5. HP: 32/32 MP: 5/5
  3030 | D:3      | 3030 ||| Stepping ~*~*~tactically~*~*~ (stealth).
  3031 | D:3      | 3031 ||| Stepping ~*~*~tactically~*~*~ (stealth).
  3032 | D:3      | 3032 ||| Stepping ~*~*~tactically~*~*~ (stealth).
  3036 | D:3      | 3036 ||| Stepping ~*~*~tactically~*~*~ (stealth).
  3249 | D:3      | Found Nuovovuh's Weapon Shop.
  3253 | D:3      | 3253 ||| SHOPLISTING +0 flail (49 gold, have 45).
  3299 | D:3      | 3299 ||| DROPPING +2 whip of venom.
  3374 | D:3      | Reached skill level 5 in Axes
  3864 | D:3      | 3864 ||| READING scroll labelled VITZUTIEPA.
  3865 | D:3      | 3865 ||| READING scroll labelled ZIOL NOTRUC.
  3866 | D:3      | 3866 ||| READING scroll labelled OMESKA SUOKUPS.
  3867 | D:3      | 3867 ||| READING scroll labelled POSUYCZ CASYO.
  3868 | D:3      | 3868 ||| DRINKING 4 fuming pink potions.
  3904 | D:3      | 3904 ||| DRINKING 2 dark potions.
  3905 | D:3      | 3905 ||| READING 3 scrolls of identify.
  3905 | D:3      | 3905 ||| IDENTIFYING brown potion
  3906 | D:3      | 3906 ||| READING 2 scrolls of identify.
  3906 | D:3      | 3906 ||| IDENTIFYING metallic white potion
  3907 | D:3      | 3907 ||| DROPPING potion of flight.
  4147 | D:4      | Reached XP level 6. HP: 33/38 MP: 6/6
  4229 | D:4      | Reached skill level 1 in Dodging
  4335 | D:4      | Found a glowing golden altar of the Shining One.
  4347 | D:4      | Found a staircase to the Ecumenical Temple.
  4348 | D:4      | 4348 ||| PLANNING TEMPLE
  4348 | D:4      | 4348 ||| READING 2 scrolls of identify.
  4348 | D:4      | 4348 ||| IDENTIFYING puce potion
  4349 | D:4      | 4349 ||| DROPPING potion of brilliance.
  4359 | Temple   | Entered the Ecumenical Temple
  4368 | Temple   | 4368 ||| PLANNING OKAWARU WORSHIP
  4632 | Temple   | Became a worshipper of Warmaster Okawaru
  4633 | Temple   | 4633 ||| PLANNING D:1-11
  4659 | D:4      | Noticed a black bear
  4667 | D:4      | Killed a black bear
  4850 | D:4      | 4850 ||| FLEEEEING.
  4931 | D:4      | 4931 ||| Stepping ~*~*~tactically~*~*~ (hiding).
  4932 | D:4      | 4932 ||| Stepping ~*~*~tactically~*~*~ (hiding).
  4949 | D:4      | Reached XP level 7. HP: 12/43 MP: 7/7
  5611 | D:5      | Entered Level 5 of the Dungeon
  5808 | D:5      | 5808 ||| DROPPING +0 flail.
  5812 | D:5      | 5812 ||| Stepping ~*~*~tactically~*~*~ (hiding).
  5817 | D:5      | Noticed Edmund
  5819 | D:5      | HP: 2/43 [gnoll/+0 halberd[a gnoll bouda] (10)]
  5820 | D:5      | 5820 ||| READING 3 scrolls of teleportation.
  5821 | D:5      | Slain by a gnoll

Levels and vault maps discovered:
D:1:      psy_arrival_conway, layout_basic, lexackson_kobold_supper
D:2:      layout_basic, serial_shops, nicolae_shop_statue_plus,
          shapermc_ecumenical_altar_totnotflames, minmay_domino_2
D:3:      layout_basic, serial_shops, shop, dk_vineyard_1, kennysheep_crisscross
D:4:      layout_basic, tso_oasis_becter, minmay_temple_entry_poolview,
          chequers_mini_garden
D:5:      layout_basic, mainiacjoe_overflow_small_starburst, kennysheep_donut,
          minmay_misc_feat_x, uniq_edmund
Temple:   oiseaux_autumnal_temple

Skill      XL: |  1  2  3  4  5  6 |
---------------+-------------------+-----
Axes           | 2 3 4 5 |  5.9
Fighting       | 4 |  4.1
Dodging        | 1 |  1.1
Throwing       | 2 |  2.1
Armour         | |  3.2
Shields        | |  3.2

Action                   |  1- 3 |  4- 6 |  7- 9 || total
-------------------------+-------+-------+-------++-------
Melee: War axe           |   143 |   171 |    27 ||   341
Throw: Javelin           |       |    14 |     5 ||    19
  Use: Scroll            |     3 |     9 |     1 ||    13
       Potion            |       |     2 |       ||     2
Armor: Scale mail        |    80 |   111 |    18 ||   209
Dodge: Dodged            |    67 |   109 |    11 ||   187
Block: Buckler           |    32 |    40 |     4 ||    76

Table legend:
 A = Non-vault XP
 B = Vault XP
 C = Vault XP percentage of total XP
 D = Non-vault monster count
 E = Vault monster count
 F = Vault count percentage of total count
                 A         B        C        D         E       F
            +---------+---------+-------+---------+---------+-------
      Total |     735 |      13 |   1.7 |      93 |       9 |   8.8
            +---------+---------+-------+---------+---------+-------
        D:1 |      41 |      11 |  21.2 |      26 |       8 |  23.5
        D:2 |      40 |       2 |   4.8 |      17 |       1 |   5.6
        D:3 |     179 |       0 |   0.0 |      28 |       0 |   0.0
        D:4 |     353 |       0 |   0.0 |      20 |       0 |   0.0
        D:5 |     122 |       0 |   0.0 |       2 |       0 |   0.0
            +---------+---------+-------+---------+---------+-------
